Unix NetHack Version 5.0.0-0 post-release - last build Jun 10 2026 00:39:30 (3ee93aec679c4c4259841fe613dc97188e26a321,branch:main).

Game began 2026-06-12 17:08:49, ended 2026-06-12 17:23:29.

DiePARTEI, neutral male human Tourist

                           --------.----
                           |...........|       -------
                           |............#     #-.....|
                           |...........|#    ##|.....|
    --------          #####.............###### |......#
    |!!!!!.-#        ##    ----------+--#  ##  --.-.--##
    |!!!!].|#        #                                 #
    |!!!!!. #        #          ###0                  ##
    ------- #        #         ##                     ##
            #        #        ##                      ##
            #        #      ###                       ##
          ###        #    ###                         ####
          #---------##   ##                            # #
          #|........#   ##                               ####f#0
          #-.......|  ###                                      B
           |.<......###                                        ..
           ---------                                            ...
                                                                ...|
                                                                ----

DiePARTEI the Sightseer     St:10 Dx:13 Co:15 In:12 Wi:9 Ch:18  Neutral
Dlvl:4  $:860 HP:0(29) Pw:13(13) AC:9  Xp:3 T:2280  Burdened

Latest messages:
 You stop searching.
 The grid bug bites!
 You get zapped!
 You hear some noises.
 The door opens.
 The large cat bites the garter snake.
 The garter snake misses the large cat.
 The large cat bites the garter snake.
 The garter snake is killed!
 Your large cat eats a garter snake corpse.
 With great effort you move the boulder.
 You try to move the boulder, but in vain.
 You try to move the boulder, but in vain.
 In what direction? 3
 Whammm!!
 In what direction? 3
 Whammm!!
 In what direction? 3
 Whammm!!
 In what direction? 3
 Whammm!!
 In what direction? 3
 Thwack!!
 In what direction? 3
 Thwack!!
 In what direction? 3
 Thwack!!
 In what direction? 3
 As you kick the door, it crashes open!
 The giant bat bites!
 The giant bat bites!
 The giant bat bites!
 In what direction? 3
 The dart hits the giant bat.
 The giant bat bites!
 The giant bat bites!
 In what direction? 3
 The dart misses the giant bat.
 The giant bat bites!
 The giant bat bites!
 In what direction? 3
 The dart hits the giant bat.
 The giant bat bites!
 The giant bat bites!
 You die...
 Do you want your possessions identified? [ynq] (y) y
 Do you want to see your attributes? [ynq] (y) y
 Do you want an account of creatures vanquished? [ynaq] (y) y
 Do you want to see your conduct and achievements? [ynq] (y) y
 Do you want to see the dungeon overview? [ynq] (y) y

Inventory:
 Coins    ('$')
  $ - 860 gold pieces
 Weapons  (')')
  s - 6 +0 orcish arrows
  a - 27 +2 darts (at the ready)
  S - a +0 dagger
  R - a +0 elven dagger
  A - 2 +0 orcish daggers
 Armor    ('[')
  t - an uncursed +0 orcish helm (being worn)
  J - an uncursed +0 orcish helm
  i - an uncursed +0 Hawaiian shirt with a plumeria motif (being worn)
 Comestibles  ('%')
  c - an uncursed cram ration
  b - 8 uncursed food rations
  n - an uncursed fortune cookie
 Scrolls  ('?')
  q - an uncursed scroll of confuse monster
  F - a cursed scroll of enchant armor
  m - an uncursed scroll of gold detection
  v - 2 uncursed scrolls of light
  h - a blessed scroll of magic mapping
  g - 2 uncursed scrolls of magic mapping
 Spellbooks  ('+')
  r - an uncursed spellbook of detect monsters
  G - an uncursed spellbook of light
 Potions  ('!')
  e - a blessed potion of extra healing
  L - an uncursed potion of full healing
  H - an uncursed potion of gain energy
  I - 3 uncursed potions of healing
  B - a blessed potion of object detection
  P - 2 uncursed potions of speed
  y - 2 potions of unholy water
 Rings    ('=')
  O - an uncursed +1 ring of increase damage
  M - an uncursed ring of slow digestion
  u - a cursed ring of teleport control
 Tools    ('(')
  p - a cursed wooden flute
  k - an uncursed credit card
  j - an expensive camera (0:49)
  l - an uncursed leash
  w - an uncursed mirror
  x - an uncursed mirror
  C - an uncursed mirror
  D - an uncursed mirror
  E - an uncursed mirror
 Gems/Stones  ('*')
  N - an uncursed worthless piece of red glass
  o - an uncursed worthless piece of yellow glass

DiePARTEI the Tourist's attributes:

Background:
 You were a Sightseer, a level 3 male human Tourist.
 You were neutral, nominally on a mission for The Lady
 who was opposed by Blind Io (lawful) and Offler (chaotic).
 You were right-handed.
 You were in the Dungeons of Doom, on level 4.
 You entered the dungeon 2280 turns ago.
 You had 40 experience points, 40 more were needed to attain level 4.

Basics:
 You had 0 out of 29 hit points.
 You had all 13 energy points (spell power).
 Your armor class was 9.
 Your wallet contained 860 zorkmids.
 Autopickup was off.

Final Characteristics:
 Your strength was 10 (limit:18/100).
 Your dexterity was 13 (limit:18).
 Your constitution was 15 (limit:18).
 Your intelligence was 12 (limit:18).
 Your wisdom was 9 (limit:18).
 Your charisma was 18 (limit:18).

Final Status:
 You weren't hungry.
 You were burdened; movement was slightly slowed.
 You were bare handed.
 You were unskilled in bare handed combat.

Final Attributes:
 You were fervently aligned.
 You were invisible.
 You are dead.

Miscellaneous:
 You didn't encounter any bones levels.
 Total elapsed playing time was 14 minutes and 40 seconds.

Major events:
 Turn
    1: DiePARTEI the neutral male human Tourist entered the dungeon
 1987: attained the rank of Sightseer (level 3)
 2280: killed by a giant bat

You didn't know any spells.

Skills:
 Fighting Skills
   bare handed combat [Unskilled]
   two weapon combat  [Unskilled]
   riding             [Unskilled]
 Weapon Skills
   dagger             [Unskilled]
   knife              [Unskilled]
   axe                [Unskilled]
   pick-axe           [Unskilled]
   short sword        [Unskilled]
   broadsword         [Unskilled]
   long sword         [Unskilled]
   two-handed sword   [Unskilled]
   saber              [Unskilled]
   mace               [Unskilled]
   morning star       [Unskilled]
   flail              [Unskilled]
   hammer             [Unskilled]
   quarterstaff       [Unskilled]
   polearms           [Unskilled]
   spear              [Unskilled]
   trident            [Unskilled]
   lance              [Unskilled]
   bow                [Unskilled]
   sling              [Unskilled]
   crossbow           [Unskilled]
   dart               [Basic]
   shuriken           [Unskilled]
   boomerang          [Unskilled]
   whip               [Unskilled]
   unicorn horn       [Unskilled]
 Spellcasting Skills
   divination spells  [Unskilled]
   enchantment spells [Unskilled]
   escape spells      [Unskilled]

Voluntary challenges:
 Character rerolling was not enabled.
 You were an atheist.
 You never hit with a wielded weapon.
 You never genocided any monsters.
 You never polymorphed an object.
 You never changed form.
 You used no wishes.
Achievements:
 You attained the rank of Sightseer.
 You entered a shop.

 The Dungeons of Doom: levels 1 to 4
    Level 1:
       Some fountains, a sink.
    Level 2:
       Some fountains, many trees.
    Level 3:
    Level 4: <- You were here.
       A potion shop.
       Final resting place for
          you, killed by a giant bat.


Vanquished creatures:
  6 wood nymphs
 an iguana
  3 acid blobs
  a gas spore
  2 hobbits
  a yellow mold
  a garter snake
  a gnome zombie
  2 geckos
  4 jackals
  3 foxes
  4 goblins
  4 sewer rats
  9 grid bugs
  a bat
  5 lichens
  a kobold zombie
  4 newts
53 creatures vanquished.

No species were genocided or became extinct.

Game over:
                       ----------
                      /          \
                     /    REST    \
                    /      IN      \
                   /     PEACE      \
                  /                  \
                  |    DiePARTEI     |
                  |      860 Au      |
                  |   killed by a    |
                  |    giant bat     |
                  |                  |
                  |                  |
                  |       2026       |
                 *|     *  *  *      | *
        _________)/\\_//(\/(/\)/\//\/|_)_______

Aloha DiePARTEI the Tourist...

You died in The Dungeons of Doom on dungeon level 4 with 363 points,
and 860 pieces of gold, after 2280 moves.
You were level 3 with a maximum of 29 hit points when you died.

